 Dungeon Crawl Stone Soup version 0.31-a0-202-g547052bce9 (webtiles) character file.

Game seed: 11515744384092658348

63 qw the Shooter (level 3, -1/20 HPs)
             Began as a Deep Elf Hunter on June 26, 2023.
             Slain by an orc priest
             ... wielding a +0 hand axe
              (6 damage)
             ... on level 2 of the Dungeon.
             The game lasted 00:00:40 (1571 turns).

qw the Shooter (Deep Elf Hunter)                    Turns: 1571, Time: 00:00:40

Health: -1/20      AC:  6    Str: 10    XL:     3   Next: 89%
Magic:  5/5        EV: 11    Int: 13    God:
Gold:   61         SH:  0    Dex: 18    Spells: 2/2 levels left

rFire   . . .        Y - +1 shortbow
rCold   . . .        (shield currently unavailable)
rNeg    . . .        h - +0 ring mail
rPois   .            (no helmet)
rElec   .            (no cloak)
rCorr   .            (no gloves)
SInv    .            b - +0 pair of boots
Will    .....        (no amulet)
Stlth   +            (no ring)
HPRegen 0.23/turn    (no ring)
MPRegen 0.09/turn

%: no passive effects
@: about to teleport
A: no striking features
a: no special abilities


You were on level 2 of the Dungeon.
You visited 1 branch of the dungeon, and saw 3 of its levels.

You collected 61 gold pieces.


   Skills:
 - Level 1.5 Fighting
 + Level 7.3 Ranged Weapons
 - Level 2.4 Dodging
 - Level 1.2 Stealth


You had 2 spell levels left.
You didn't know any spells.
Your spell library was empty.

Inventory:

Hand Weapons
 Y - a +1 shortbow (weapon)
Armour
 b - a +0 pair of boots (worn)
 h - a +0 ring mail (worn)
Scrolls
 a - a scroll of identify
Potions
 c - a potion of heal wounds {unknown}
 d - a potion of curing
 e - a potion of lignification {unknown}
 j - a potion of degeneration {unknown}
 k - a potion of mutation {unknown}

Dungeon Overview and Level Annotations

Branches:
Dungeon (3/15)

Altars:


Message History

The orc wizard gestures at you while chanting.
You resist with some effort.
The orc wizard gestures at you while chanting.
The puff of flame hits you. The orc hits you with a +0 dagger.
The goblin hits you with a +0 club.
1562 ||| STAIRDANCE The orc closely misses you.
The orc priest closely misses you. The goblin misses you.
You climb upwards.
There is a stone staircase leading down here.
You shoot an arrow. The arrow hits the orc.
The orc is severely wounded.
The orc priest hits you with a +0 hand axe.
The orc closely misses you. The goblin barely misses you.
You shoot an arrow. The arrow hits the orc!
You kill the orc!
The orc priest barely misses you. The goblin hits you but does no damage.
You shoot an arrow. The arrow hits the orc priest.
The orc priest is lightly wounded.
The orc priest barely misses you. The goblin hits you but does no damage.
You shoot an arrow.
The arrow hits the orc priest but does no damage.
The orc priest is lightly wounded.
The orc priest barely misses you. The goblin barely misses you.
You shoot an arrow. The arrow barely misses the orc priest.
The orc priest closely misses you. The goblin hits you but does no damage.
You shoot an arrow.
The arrow closely misses the orc priest.
The orc priest closely misses you. The goblin barely misses you.
You shoot an arrow.
The arrow hits the orc priest but does no damage.
The orc priest is lightly wounded.
The orc priest invokes the aid of Beogh against you.
Pain shoots through your body! The goblin barely misses you.
The orc priest closely misses you. The goblin hits you with a +0 club.
1571 ||| READING scroll of teleportation.
As you read the scroll of teleportation, it crumbles to dust.
You feel strangely unstable.
The orc priest hits you with a +0 hand axe.
You die...

#####.#.## ###########.#
......#..###########......#.#
.....###.....##.....#####...#
.....##.............<## #####
.)...#...............[#
....%.................#
.....#...........(....#
.....#..........og....#
.....#..........@.....#
.....#.........)......#
#######..............##
##)....##.....##
##############


You could see an orc priest and a goblin.

Vanquished Creatures
  A dart slug (D:2)
  3 orcs
  9 endoplasms
  3 giant cockroaches
  5 goblins
  4 hobgoblins
  3 jackals (D:1)
  6 kobolds
  A quokka (D:3)
  6 ball pythons
  A bat (D:1)
  3 frilled lizards (D:1)
  7 rats
52 creatures vanquished.

Notes
Turn   | Place    | Note
-------+----------+-------------------------------------------
     0 | D:1      | qw the Deep Elf Hunter began the quest for the Orb.
     0 | D:1      | Reached XP level 1. HP: 12/12 MP: 3/3
     0 | D:1      | 0 ||| qw: Version: 0.3-a-22-g0ed2b0b
     0 | D:1      | 0 ||| qw: Game counter: 6216
     0 | D:1      | 0 ||| qw: Melee chars always use a shield: true
     0 | D:1      | 0 ||| qw: God list: Okawaru
     0 | D:1      | 0 ||| qw: Allow faded altars: false
     0 | D:1      | 0 ||| qw: Do Orc after clearing Dungeon:15 true
     0 | D:1      | 0 ||| qw: Do second Lair branch before Depths: true
     0 | D:1      | 0 ||| qw: Lair rune preference: random
     0 | D:1      | 0 ||| qw: Goals: Normal
     0 | D:1      | 0 ||| PLANNING D:1-11
   201 | D:1      | Reached skill level 6 in Ranged Weapons
   201 | D:1      | Reached XP level 2. HP: 16/16 MP: 4/4
   822 | D:1      | Reached XP level 3. HP: 20/20 MP: 5/5
   829 | D:1      | Found a faded altar of an unknown god.
   924 | D:1      | 924 ||| UPGRADING to +0 ring mail.
   934 | D:1      | 934 ||| DROPPING +0 leather armour.
   935 | D:1      | 935 ||| READING scroll labelled TEIGOYNUIF.
   936 | D:1      | 936 ||| READING scroll labelled SAINUKHL HEAWK.
   940 | D:1      | 940 ||| READING 3 scrolls labelled ZOJASTR YSOU.
   941 | D:1      | 941 ||| DRINKING 2 amethyst potions.
   942 | D:1      | 942 ||| DROPPING scroll of butterflies.
   943 | D:1      | 943 ||| DROPPING 2 scrolls of fog.
  1169 | D:2      | Reached skill level 7 in Ranged Weapons
  1460 | D:2      | 1460 ||| UPGRADING to +0 pair of boots.
  1465 | D:2      | 1465 ||| READING 2 scrolls labelled HICU GELAI.
  1466 | D:2      | 1466 ||| READING scroll labelled UCYREOCLUN.
  1467 | D:2      | 1467 ||| READING scroll labelled YVUEM JEPIUP.
  1468 | D:2      | 1468 ||| DROPPING scroll of blinking.
  1498 | D:3      | 1498 ||| FLEEEEING.
  1499 | D:3      | 1499 ||| FLEEEEING.
  1500 | D:3      | 1500 ||| FLEEEEING.
  1501 | D:3      | 1501 ||| FLEEEEING.
  1502 | D:3      | 1502 ||| STAIRDANCE
  1562 | D:3      | 1562 ||| STAIRDANCE
  1570 | D:2      | HP: 5/20 [goblin/+0 club (1)]
  1571 | D:2      | 1571 ||| READING scroll of teleportation.
  1571 | D:2      | Slain by an orc priest

Levels and vault maps discovered:
D:1:      dpeg_arrival_arbitrary_b, layout_loops_corners,
          shapermc_ecumenical_altar_petra, st_stairs_7, minmay_misc_feat_five,
          minmay_pentomino_s2
D:2:      layout_rooms, kennysheep_nondescript
D:3:      layout_rooms, grunt_ministairs_8, minmay_misc_feat_ornament,
          eino_tiny_chamber

Skill      XL: |  1  2  3 |
---------------+----------+-----
Ranged Weapons | 6 7 |  7.3
Fighting       | |  1.5
Dodging        | |  2.4
Stealth        | |  1.2

Action                     || total
---------------------------++-------
   Fire: Shortbow          ||   141
    Use: Scroll            ||     7
         Potion            ||     1
 Armour: Leather armour    ||    13
         Ring mail         ||     8
  Dodge: Dodged            ||    46

Table legend:
 A = Non-vault XP
 B = Vault XP
 C = Vault XP percentage of total XP
 D = Non-vault monster count
 E = Vault monster count
 F = Vault count percentage of total count
                 A         B        C        D         E       F
            +---------+---------+-------+---------+---------+-------
      Total |      86 |       5 |   5.5 |      49 |       3 |   5.8
            +---------+---------+-------+---------+---------+-------
        D:1 |      41 |       5 |  10.9 |      25 |       3 |  10.7
        D:2 |      37 |       0 |   0.0 |      21 |       0 |   0.0
        D:3 |       8 |       0 |   0.0 |       3 |       0 |   0.0
            +---------+---------+-------+---------+---------+-------
